AoeStats
← ImHere4U

Black Forest

505804654Analyzed
3v3 RM · 22d ago on Sep 11, 2026· 36m 35s· 6 players
Game mode
Random Map
Map size
Normal (6 player)
Population
200
Speed
Normal
Resources
Standard
Victory
Conquest
Starting age
Dark Age
Ending age
Imperial Age
RankedLock teamsTeams togetherTeam positionsShared explorationLock speedFull tech treeHidden civsTurbo modeCheats
Victory
Defeat
🇺🇸 Spanish · United States
779
+31
🇨🇳 Burmese · China
688
+16
🇨🇦 Bulgarians · Canada
449
+26
🇲🇽 Maya · Mexico
712
-19
🇺🇸 Khmer · United States
709
-19
🇺🇸 Franks · United States
635
-16
peas pottage
7:03 Loom
14:11 Feudal Age
15:41 Wheelbarrow
19:59 Castle Age
19:31 Man-at-Arms
curses
11:57 Feudal Age
24:33 Castle Age
22:57 Man-at-Arms
30:20 Husbandry
30:08 Long Swordsman
30:33 Gambesons
30:50 Squires
30:35 Arson
30:39 Pikeman
32:40 Gambesons
33:26 Stone Mining
33:26 Gold Mining
33:30 Stone Mining
Azteca Beleren
0:49 Loom
15:16 Feudal Age
16:35 Wheelbarrow
15:48 Double-Bit Axe
15:46 Horse Collar
24:42 Castle Age
23:49 Arson
24:41 Forging
24:32 Scale Mail Armor
26:14 Eagle Warrior
27:13 Squires
28:31 Fortified Wall
29:16 Stone Mining
30:45 Stone Shaft Mining
DAZACO
0:48 Loom
14:37 Feudal Age
17:05 Double-Bit Axe
19:20 Arson
22:48 Castle Age
22:52 Forging
22:43 Scale Mail Armor
22:54 Scale Mail Armor
23:19 Gambesons
23:36 Squires
26:01 Iron Casting
30:37 Chain Mail Armor
ImHere4U
16:53 Feudal Age
18:52 Double-Bit Axe
18:51 Horse Collar
20:14 Wheelbarrow
21:46 Town Watch
21:49 Loom
21:44 Man-at-Arms
28:17 Castle Age
26:58 Stone Mining
27:03 Gold Mining
27:30 Scale Mail Armor
29:09 Bow Saw
29:03 Heavy Plow
28:52 Pikeman
29:17 Arson
29:19 Gambesons
29:54 Long Swordsman
30:35 Squires
30:48 Squires
31:07 Chain Mail Armor
31:03 Forging
32:50 Forging
33:14 Herbal Medicine
33:36 Fervor
34:20 Caravan
35:08 Masonry
34:25 Light Cavalry
35:08 Elite Skirmisher
Noob.
0:37 Loom
12:48 Feudal Age
13:56 Horse Collar
15:43 Man-at-Arms
16:09 Arson
17:54 Forging
17:44 Scale Mail Armor
24:44 Castle Age
25:01 Scale Barding Armor
25:47 Husbandry
26:28 Heavy Plow
27:31 Bloodlines
29:18 Iron Casting
31:00 Stone Mining
31:01 Gold Mining
Connection lost

Rejoining the realm…

Still unreachable

The connection could not be restored.

Session expired

The server has moved on; the page needs a fresh start.